 Dungeon Crawl Stone Soup version 0.28-a0-1374-ga75cb3825e (webtiles) character file.

Game seed: 13474115326235184633

48 rocketpapaya the Covert (level 3, -2/18 HPs)
             Began as a Spriggan Brigand on Dec 31, 2021.
             Slain by a worm (11 damage)
             ... on level 2 of the Dungeon.
             The game lasted 00:03:03 (781 turns).

rocketpapaya the Covert (Spriggan Brigand)           Turns: 781, Time: 00:03:04

Health: -2/18      AC:  3    Str:  7    XL:     3   Next: 50%
Magic:  4/4        EV: 17    Int: 12    God:
Gold:   64         SH:  0    Dex: 24    Spells: 2/2 levels left

rFire   . . .      SeeInvis +   a - +2 dagger
rCold   . . .      Faith    .   (no shield)
rNeg    . . .      Spirit   .   b - +0 robe
rPois   .          Reflect  .   (helmet restricted)
rElec   .          Harm     .   c - +0 cloak
rCorr   .          Rampage  .   (gloves unavailable)
Will    .....                   (boots unavailable)
Stlth   ++++......              (no amulet)
HPRegen 0.06/turn               h - +6 ring of dexterity
MPRegen 0.09/turn               (no ring)

@: very quick
A: very small, no large weapons, unfitting armour, see invisible, speed 3
a: no special abilities


You were on level 2 of the Dungeon.
You visited 1 branch of the dungeon, and saw 2 of its levels.

You collected 64 gold pieces.

Inventory:

Hand Weapons
 a - a +2 dagger (weapon)
Missiles
 d - a poisoned dart
 e - a curare-tipped dart (quivered)
Armour
 b - a +0 robe (worn)
 c - a +0 cloak (worn)
Jewellery
 h - a +6 ring of dexterity (left hand)
Scrolls
 f - a scroll of teleportation {unknown}
 i - 5 scrolls of identify {unknown}
 j - 2 scrolls of holy word {unknown}
Potions
 g - a potion of magic {unknown}


   Skills:
 - Level 1.5 Fighting
 - Level 2.1 Short Blades
 - Level 2.0 Throwing
 - Level 1.3 Dodging
 + Level 8.0 Stealth


You had 2 spell levels left.
You didn't know any spells.
Your spell library was empty.

Dungeon Overview and Level Annotations

Branches:
Dungeon (2/15)

Altars:


Innate Abilities, Weirdness & Mutations

You are very small and have problems with some larger weapons.
You are too small for most types of armour.
You have supernaturally acute eyesight. (SInv)
You cover ground extremely quickly. (Speed+++)


Message History

The worm is lightly wounded.
You hit the worm.
The worm is lightly wounded.
The worm barely misses you.
You hit the worm.
The worm is lightly wounded.
You hit the worm.
The worm is moderately wounded.
The worm barely misses you.
You completely miss the worm.
The worm is moderately wounded.
The worm misses you.
You hit the worm but do no damage.
The worm is moderately wounded.
You barely miss the worm.
The worm is moderately wounded.
The worm misses you.
You barely miss the worm.
The worm is lightly wounded.
You hit the worm.
The worm is moderately wounded.
The worm bites you!
Ouch! That really hurt!
There is an open door here.
Throw: 2 darts (curare)
Press: ? - help, Q - select action, (/) - cycle Shift-Dir - straight line, f - worm
Aim: a worm (lightly wounded, 81% to hit)
You throw a curare-tipped dart. The curare-tipped dart hits the worm.
The worm is poisoned.
The worm convulses.
The worm seems to slow down.
The worm is severely wounded.
You barely miss the worm.
The worm is severely wounded.
You barely miss the worm.
The worm is severely wounded.
You barely miss the worm.
The worm is almost dead.
The worm bites you!
Ouch! That really hurt!
You die...

....................
.........#.........#
.###.....#..#.###..#
## ###...#..#.# #..#
#...#..#.# #..#
#...#..#.# #..#
#...#..#.###..#
#...#......#..#.##
#.........w@.....#
#.......(#.#.##.##
#...###'####.# #
.#####...#≈≈w≈≈#..#
.........#§.≈$≈##.#
..###....#.≈≈§.##.#
#...##≈!≈.≈#...
#...##§≈≈≈≈##.#
#....#######


You could see a worm (poisoned, slow).

Vanquished Creatures
  2 adders (D:2)
  2 worms (D:2)
  A dart slug (D:2)
  2 endoplasms (D:2)
  A giant cockroach (D:1)
  2 goblins (D:1)
  A hobgoblin (D:1)
  A kobold (D:1)
  2 quokkas (D:1)
  4 ball pythons
  A ball python skeleton (D:2)
  A bat (D:1)
  3 rats (D:2)
23 creatures vanquished.

Vanquished Creatures (others)
  A withered plant (D:2)
1 creature vanquished.

Grand Total: 24 creatures vanquished

Notes
Turn   | Place    | Note
-------+----------+-------------------------------------------
     0 | D:1      | rocketpapaya the Spriggan Brigand began the quest for the
                  | Orb.
     0 | D:1      | Reached XP level 1. HP: 10/10 MP: 2/2
    10 | D:1      | Noticed a centaur
    43 | D:1      | Reached skill level 6 in Stealth
   165 | D:1      | Reached XP level 2. HP: 14/14 MP: 3/3
   480 | D:2      | Reached skill level 7 in Stealth
   575 | D:2      | Reached XP level 3. HP: 13/18 MP: 4/4
   754 | D:2      | Reached skill level 8 in Stealth
   781 | D:2      | Slain by a worm

Illustrated notes

Levels and vault maps discovered:
D:1:      evilmike_arrival_come_back, layout_rooms
D:2:      layout_basic, basic_altar, serial_undead, serial_undead_a,
          serial_undead_c, serial_undead_c, serial_undead_d, serial_undead_d,
          serial_undead_d, serial_undead_f, hellmonk_ecumenical_altar_lost_god,
          kennysheep_generic_room_13, uniq_sigmund, uniq_natasha

Skill      XL: |  1  2  3 |
---------------+----------+-----
Stealth        | 6 7 8 |  8.0
Fighting       | |  1.5
Short Blades   | |  2.1
Throwing       | |  2.0
Dodging        | |  1.3

Action                   || total
-------------------------++-------
Melee: Dagger            ||    58
Throw: Dart              ||    13
 Stab: Sleeping          ||    12
Armor: Robe              ||     1
Dodge: Dodged            ||    25

Table legend: (Time is in decaauts)
 A = Elapsed time spent in this place.
 B = Non-inter-level travel time spent in this place.
 C = Inter-level travel time spent in this place.
 D = Time resting spent in this place.
 E = Time spent auto-exploring this place.
 F = Levels seen in this place.
 G = Mean time per level.
                   A        B        C        D        E       F      G
               +--------+--------+--------+--------+--------+-----+--------+
         Total |    554 |    547 |      7 |    117 |    208 |   2 |  277.0 |
       Dungeon |    554 |    547 |      7 |    117 |    208 |   2 |  277.0 |
               +--------+--------+--------+--------+--------+-----+--------+

Top non-repeatable levels by time:
     D:1: 288 daAuts
     D:2: 265 daAuts
